 Dungeon Crawl Stone Soup version 0.19-a0-1568-gdd01aac (webtiles) character file.

29680 Amnesiac the Geomancer (level 13, -9/79 HPs)
             Began as a Mummy Earth Elementalist on Sept 15, 2016.
             Was a High Priest of Sif Muna.
             Killed from afar by a fire dragon (88 damage)
             ... with a blast of flame
             ... in a volcano.
             The game lasted 00:31:08 (19260 turns).

Amnesiac the Geomancer (Mummy Earth Elementalist)  Turns: 19260, Time: 00:31:10

Health: -9/79      AC:  9    Str: 13    XL:     13   Next: 16%
Magic:  20/28      EV: 12    Int: 22    God:    Sif Muna [*****.]
Gold:   1329       SH:  0    Dex: 12    Spells: 9 memorised, 10 levels left

rFire  x . .     SeeInvis .     m - staff of death
rCold  + . .     Gourm    .     c - +0 robe
rNeg   + + +     Faith    .     (no shield)
rPois  ∞         Spirit   .     l - +0 helmet
rElec  .         Dismiss  .     y - +1 cloak
rCorr  .         Reflect  .     k - +0 pair of gloves
MR     +....     Harm     .     i - +0 pair of boots
Stlth  ++........               (no amulet)
                                t - +4 ring of intelligence
                                o - +2 ring of protection

@: divine energy
A: no food or potions, fire vulnerability, cold resistance 1, negative energy
resistance 3, torment resistance, unbreathing, in touch with death 1
a: Stop Divine Energy, Channel Magic, Forget Spell, Renounce Religion


You were in a volcano.
You worshipped Sif Muna.
Sif Muna was extremely pleased with you.
You were not hungry.

You visited 2 branches of the dungeon, and saw 14 of its levels.
You also visited: Ossuary, Ice Cave and Volcano.

You collected 1329 gold pieces.

Inventory:

Hand Weapons
 e - a +1 dagger of venom
 w - a +3 whip of electrocution
Missiles
 n - 47 poisoned needles
 N - 60 stones (quivered)
Armour
 c - a +0 robe (worn)
 i - a +0 pair of boots (worn)
 k - a +0 pair of gloves (worn)
 l - a +0 helmet (worn)
 y - a +1 cloak (worn)
 P - a mottled dragon hide
Magical Staves
 m - an uncursed staff of death (weapon)
 s - an uncursed staff of conjuration
Jewellery
 o - a +2 ring of protection (left hand)
 r - an uncursed ring of see invisible
 t - a +4 ring of intelligence (right hand)
 D - an uncursed ring of wizardry
 G - the ring "Woshridgha" {Dex+3 Stlth+}
   (You found it on level 1 of the Lair of Beasts)

   [ring of stealth]

   It affects your dexterity (+3).
   It makes you more stealthy.
 H - an uncursed ring of resist corrosion
Wands
 b - a wand of lightning (1/15)
 v - a wand of enslavement (15/24)
 x - a wand of iceblast (5/15)
 J - a wand of digging (5/24)
 L - a wand of acid (6/15)
 O - a wand of paralysis (13/24)
Scrolls
 a - 11 scrolls of identify
 f - a scroll of vulnerability
 h - a scroll of recharging
 j - 2 scrolls of magic mapping
 p - 5 scrolls of remove curse
 q - 3 scrolls of blinking
 u - 2 scrolls of enchant weapon
 A - a scroll of fear
 B - a scroll of amnesia
 E - a scroll of teleportation
 F - 2 scrolls of enchant armour
 K - a scroll of fog
Books
 d - a book of Geomancy

   Spells                             Type                      Level
   a - Sandblast                      Earth                        1
   b - Passwall                       Transmutation/Earth          2
   c - Stone Arrow                    Conjuration/Earth            3
   d - Petrify                        Transmutation/Earth          4
   e - Lee's Rapid Deconstruction     Earth                        5
 g - a book of Cantrips

   Spells                             Type                      Level
   a - Confusing Touch                Hexes                        1
   b - Animate Skeleton               Necromancy                   1
   c - Summon Small Mammal            Summoning                    1
   d - Apportation                    Translocation                1
 z - Sousux's Incunabulum of the Evil Glacier
   (Sif Muna gifted it to you on level 9 of the Dungeon)

   Spells                             Type                      Level
   a - Corpse Rot                     Necromancy                   2
   b - Ozocubu's Armour               Charms/Ice                   3
   c - Bolt of Draining               Conjuration/Necromancy       5
   d - Bolt of Cold                   Conjuration/Ice              6
   e - Glaciate                       Conjuration/Ice              9
 C - a book of Beasts

   Spells                             Type                      Level
   a - Summon Butterflies             Summoning                    1
   b - Call Canine Familiar           Summoning                    3
   c - Summon Ice Beast               Ice/Summoning                4
   d - Summon Mana Viper              Hexes/Summoning              5
   e - Summon Hydra                   Summoning                    7
 I - Sif Muna's Handbook of Battle Magic
   (Sif Muna gifted it to you on level 1 of the Lair of Beasts)

   Spells                             Type                      Level
   a - Throw Flame                    Conjuration/Fire             2
   b - Conjure Flame                  Conjuration/Fire             3
   c - Force Lance                    Conjuration/Translocation    4
   d - Bolt of Magma                  Conjuration/Fire/Earth       5
   e - Poison Arrow                   Conjuration/Poison           6
   f - Spellforged Servitor           Conjuration/Summoning        7
 M - Sif Muna's Collected Works on Stones and Companions
   (Sif Muna gifted it to you on level 3 of the Lair of Beasts)

   Spells                             Type                      Level
   a - Summon Small Mammal            Summoning                    1
   b - Call Imp                       Summoning                    2
   c - Recall                         Summoning/Translocation      3
   d - Summon Lightning Spire         Summoning/Air                4
   e - Lee's Rapid Deconstruction     Earth                        5
   f - Shatter                        Earth                        9


   Skills:
 - Level 1.5 Dodging
 - Level 1.5 Stealth
 + Level 11.0 Spellcasting
 - Level 8.0 Conjurations
 - Level 8.0 Necromancy
 - Level 0.7 Transmutations
 - Level 12.5 Earth Magic


You had 10 spell levels left.
You knew the following spells:

 Your Spells              Type           Power        Failure   Level  Hunger
a - Sandblast             Erth           ######       1%          1    N/A
b - Summon Butterflies    Summ           ##......     8%          1    N/A
c - Corpse Rot            Necr           N/A          1%          2    N/A
d - Stone Arrow           Conj/Erth      ######       1%          3    N/A
e - Petrify               Tmut/Erth      #####...     4%          4    N/A
f - Lee's Rapid Deconstr  Erth           ######....   1%          5    N/A
g - Apportation           Tloc           ##........   8%          1    N/A
v - Passwall              Tmut/Erth      #####.....   1%          2    N/A
z - Bolt of Draining      Conj/Necr      #######...   8%          5    N/A

Dungeon Overview and Level Annotations

Branches:
Dungeon (9/15)             Temple (0/1) D:5            Lair (5/6) D:9
 Shoals (0/4) Lair:2       Spider (0/4) Lair:4
  Slime: Lair:5-6       Orc: D:9-12

Altars:
Cheibriados
Dithmenos
Elyvilon
Gozag
Hepliaklqana
Kikubaaqudgha
Sif Muna
Trog
Vehumet
Xom
The Shining One

Shops:
D:5 =   D:7 *


Innate Abilities, Weirdness & Mutations

You do not eat or drink.
Your flesh is vulnerable to fire.
You are immune to poison.
Your flesh is cold resistant. (rC+)
You are immune to negative energy. (rN+++)
You are immune to unholy pain and torment.
You can survive without breathing.
You are in touch with the powers of death.


Message History

The ogre shouts!
A crocodile comes into view.
Casting: Bolt of Draining
Confirm with . or Enter, or press ? or * to list all spells.
Aiming: Bolt of Draining
Press: ? - help, Shift-Dir - straight line, f - fire dragon
Aim: a fire dragon You feel a strong surge of power!
The bolt of negative energy hits the ogre.
The ogre is drained!
You kill the ogre!
Sif Muna accepts your kill.
The bolt of negative energy hits the ogre.
The ogre is drained!
You kill the ogre!
Sif Muna accepts your kill. The fire dragon breathes flames at you.
The blast of flame hits you! The fire burns you terribly!
Ouch! That really hurt!
You die...

≈.....♣♣≈≈§§§P..P♣♣≈§§≈§≈♣..
. ))..P♣§§§≈≈§♣..P♣§≈§§≈§.♣♣
...♣...♣♣≈≈≈§§§...♣♣§≈§≈≈P..
♣...P...♣♣§§§≈§.♣.P♣≈§≈≈♣...
.[....D..♣§§≈≈§..†♣♣§≈§§P..P
$.....♣♣)♣♣≈≈≈§♣...♣≈§§§§P.§
..[.. ♣♣..♣§≈≈.....♣≈≈≈♣♣.§.
.♣$. ♣...).≈.♣...♣♣≈≈♣♣.§P§
$.t ♣.♣..@♣§P..♣♣≈≈≈≈P.♣♣§
.P ♣♣♣≈P..P).♣♣≈≈≈≈.♣.§≈≈ )
♣≈§≈P...P≈§§≈≈♣.)P.§§
♣§≈≈≈♣..≈≈≈§§♣♣P...≈≈
≈≈≈≈§≈≈≈§§§§≈§♣...%♣≈≈
≈≈####♣P.§§§§≈≈♣P.♣.♣≈≈ ≈≈#
..§P§§≈§≈♣♣.P.♣P§ ≈#
#P.P♣≈≈§§≈♣♣♣...PP
#..##≈≈§≈≈♣♣!..P.§


You could see a fire dragon.

Vanquished Creatures
  3 hydras
  The ghost of Armakuni the Spear-Bearer, a novice MfSk of Hepliaklqana (D:7)
  2 wolf spiders (Lair:4)
  Pikel (D:6)
  2 ugly things (IceCv)
  4 elephants (Lair:4)
  A salamander (Volcano)
  A siren (Lair:2)
  A black mamba (Lair:3)
  2 ice statues (IceCv)
  7 spiny frogs
  A rime drake (Lair:3)
  5 komodo dragons
  9 blink frogs
  A two-headed ogre (Volcano)
  6 dream sheep (Lair:3)
  Sigmund (D:3)
  3 redbacks (Lair:4)
  5 fire bats (Volcano)
  4 wyverns
  2 steam dragons (Volcano)
  25 yaks
  6 hippogriffs
  2 mottled dragons
  3 hungry ghosts
  2 soldier ants (D:9)
  Duvessa (D:6)
  6 porcupines
  8 water moccasins
  6 ice beasts (IceCv)
  3 phantoms
  4 sky beasts
  2 slaves (D:6)
  An orc warrior (D:9)
  8 ogres
  A wasp (D:9)
  6 centaurs
  16 crocodiles
  Blork the orc (D:6)
  13 bullfrogs
  A wyvern zombie (D:4)
  Dowan (D:6)
  A wyvern skeleton (D:8)
  3 scorpions
  9 killer bees (D:9)
  5 howler monkeys
  3 crimson imps
  3 bullfrog skeletons
  2 hounds
  3 orc priests
  4 orc wizards
  Terence (D:3)
  8 iguanas
  2 worker ants
  2 big kobold zombies (Ossuary)
  A hound zombie (D:7)
  A hound skeleton (D:4)
  A worker ant zombie (D:5)
  A howler monkey zombie (D:6)
  8 mummies (Ossuary)
  9 adders
  41 river rats
  An ooze (D:4)
  An adder skeleton (D:9)
  2 worms
  7 leopard geckos
  16 orcs
  A ball python (D:2)
  11 bats
  5 giant cockroaches
  A gnoll zombie (Ossuary)
  9 goblins
  11 hobgoblins
  9 jackals
  5 quokkas
  3 frilled lizards
  A goblin zombie (D:7)
  2 hobgoblin zombies (Ossuary)
  7 kobolds
  3 kobold zombies (Ossuary)
  A leopard gecko skeleton (D:6)
  9 rats
391 creatures vanquished.

Vanquished Creatures (collateral kills)
  An elephant (Lair:4)
  A plant (Lair:4)
2 creatures vanquished.

Vanquished Creatures (others)
  A mottled dragon (Volcano)
  5 fungi
  31 plants (Volcano)
37 creatures vanquished.

Grand Total: 430 creatures vanquished

Notes
Turn   | Place    | Note
-------+----------+-------------------------------------------
     0 | D:1      | Amnesiac the Mummy Earth Elementalist began the quest for the Orb.
     0 | D:1      | Reached XP level 1. HP: 13/13 MP: 3/3
   299 | D:2      | Reached XP level 2. HP: 18/19 MP: 1/5
   482 | D:3      | Reached skill level 3 in Earth Magic
   520 | D:3      | Noticed Sigmund
   688 | D:2      | Learned a level 2 spell: Passwall
   698 | D:2      | Reached XP level 3. HP: 23/24 MP: 3/6
   741 | D:2      | Found a hazy altar of Hepliaklqana.
  1067 | D:3      | Killed Sigmund
  1067 | D:3      | Reached skill level 4 in Earth Magic
  1067 | D:3      | Reached XP level 4. HP: 13/30 MP: 0/9
  1067 | D:3      | Reached XP level 5. HP: 15/35 MP: 0/10
  2074 | D:4      | Noticed a phantom
  2090 | D:4      | Killed a phantom
  2090 | D:4      | Reached XP level 6. HP: 31/41 MP: 0/11
  2226 | D:4      | Reached skill level 5 in Earth Magic
  2371 | D:4      | Learned a level 5 spell: Lee's Rapid Deconstruction
  2376 | D:4      | Learned a level 4 spell: Petrify
  2750 | D:4      | Reached XP level 7. HP: 46/46 MP: 7/13
  2928 | D:4      | Reached skill level 6 in Earth Magic
  3021 | D:5      | Entered Level 5 of the Dungeon
  3262 | D:5      | Found Heatag's Jewellery Boutique.
  3289 | D:5      | Found a deep blue altar of Sif Muna.
  3289 | D:5      | Found a shadowy altar of Dithmenos.
  3289 | D:5      | Found a shimmering altar of Xom.
  3290 | D:5      | Found a white marble altar of Elyvilon.
  3290 | D:5      | Found an opulent altar of Gozag.
  3290 | D:5      | Found a snail-covered altar of Cheibriados.
  3377 | D:5      | Became a worshipper of Sif Muna the Loreminder
  3609 | D:5      | Found a staircase to the Ecumenical Temple.
  3702 | D:5      | Reached skill level 7 in Earth Magic
  3879 | D:3      | Noticed Terence
  3886 | D:3      | Killed Terence
  3886 | D:3      | Reached XP level 8. HP: 44/52 MP: 6/14
  4288 | D:3      | Reached * piety under Sif Muna
  4308 | D:3      | Learned a level 3 spell: Stone Arrow
  5106 | D:2      | Found a glowing golden altar of the Shining One.
  5399 | D:6      | Noticed Blork the orc
  5402 | D:6      | Killed Blork the orc
  5402 | D:6      | Reached skill level 8 in Earth Magic
  5633 | D:6      | Noticed Pikel
  5637 | D:6      | Killed Pikel
  5637 | D:6      | Reached ** piety under Sif Muna
  5637 | D:6      | Reached skill level 9 in Earth Magic
  5779 | D:6      | Noticed Duvessa
  5779 | D:6      | Noticed Dowan
  5784 | D:6      | Killed Duvessa
  5789 | D:6      | Killed Dowan
  6016 | D:7      | Noticed Armakuni's ghost (novice MfSk)
  6024 | D:7      | Killed Armakuni's ghost
  6024 | D:7      | Reached skill level 10 in Earth Magic
  6024 | D:7      | Reached XP level 9. HP: 55/57 MP: 7/15
  6231 | D:7      | Reached *** piety under Sif Muna
  6241 | D:7      | Found a sand-covered staircase.
  6251 | Ossuary  | Entered an ossuary
  6760 | D:7      | Found an ancient bone altar of Kikubaaqudgha.
  6773 | D:7      | Found a radiant altar of Vehumet.
  6900 | D:7      | Found a bloodstained altar of Trog.
  7044 | D:7      | Reached skill level 11 in Earth Magic
  7218 | D:7      | Found Acwoyre's Serpentskin Sales.
  7677 | D:7      | Reached **** piety under Sif Muna
  7998 | D:8      | Reached XP level 10. HP: 63/63 MP: 0/16
  8583 | D:8      | Noticed a hill giant
  8596 | D:8      | Reached skill level 12 in Earth Magic
  9184 | D:9      | Reached ***** piety under Sif Muna
  9196 | D:9      | Identified Sousux's Incunabulum of the Evil Glacier (Sif Muna gifted it to you on level 9 of the Dungeon)
  9196 | D:9      | Received a gift from Sif Muna
  9212 | D:9      | Learned a level 1 spell: Summon Butterflies
  9448 | D:9      | Found a staircase to the Lair.
 10016 | D:9      | Reached skill level 5 in Spellcasting
 10436 | Lair:1   | Entered Level 1 of the Lair of Beasts
 10690 | Lair:1   | Reached XP level 11. HP: 56/68 MP: 14/22
 10754 | Lair:1   | Learned a level 2 spell: Corpse Rot
 10760 | Lair:1   | Learned a level 5 spell: Bolt of Draining
 10782 | Lair:1   | Got a crude amber ring
 10784 | Lair:1   | Identified the ring "Woshridgha" {Dex+3 Stlth+} (You found it on level 1 of the Lair of Beasts)
 10824 | Lair:1   | Reached skill level 1 in Conjurations
 10950 | Lair:1   | Identified Sif Muna's Handbook of Battle Magic (Sif Muna gifted it to you on level 1 of the Lair of Beasts)
 10950 | Lair:1   | Received a gift from Sif Muna
 11252 | Lair:1   | Reached skill level 5 in Conjurations
 11599 | Lair:2   | Found a staircase to the Shoals.
 11660 | Lair:2   | Noticed an eight-headed hydra
 11691 | Lair:2   | Killed an eight-headed hydra
 11815 | Lair:2   | Reached skill level 1 in Necromancy
 13461 | Lair:2   | Reached skill level 5 in Necromancy
 13892 | Lair:3   | Reached XP level 12. HP: 74/74 MP: 13/24
 14193 | Lair:3   | Identified Sif Muna's Collected Works on Stones and Companions (Sif Muna gifted it to you on level 3 of the Lair of Beasts)
 14193 | Lair:3   | Received a gift from Sif Muna
 16100 | Lair:4   | Noticed a seven-headed hydra
 16103 | Lair:4   | Killed a seven-headed hydra
 16137 | Lair:4   | Noticed a five-headed hydra
 16169 | Lair:4   | Killed a five-headed hydra
 17089 | Lair:4   | Received a gift from Sif Muna
 17093 | Lair:4   | Learned a level 1 spell: Apportation
 17662 | Lair:4   | Found a hole to the Spider Nest.
 17815 | Lair:5   | Found a dark tunnel.
 17836 | Lair:5   | Found a frozen archway.
 17882 | IceCv    | Entered an ice cave
 17888 | IceCv    | Reached skill level 10 in Spellcasting
 18042 | IceCv    | Gained mutation: You are in touch with the powers of death. [Mummy growth]
 18042 | IceCv    | Reached XP level 13. HP: 51/79 MP: 0/27
 18282 | Volcano  | Entered a volcano
 19250 | Volcano  | Noticed a fire dragon
 19260 | Volcano  | Killed from afar by a fire dragon

Vault maps used:
D:1:      nagdon_arrival_double_spiral
D:2:      lemuel_round_altar, marbit_many_paths, first_bread
D:3:      uniq_sigmund, uniq_terence
D:4:      corexii_shack_village
D:5:      grunt_temple_overflow_open, serial_shops, shop_fountains
D:6:      uniq_duvessa, uniq_blork_the_orc, uniq_pikel
D:7:      overflow_temple_1_default, amethyst_overflow_temple_binary,
          enter_ossuary_3, guppyfry_shop_venom
D:8:      serial_shops, kennysheep_mini_moat, uniq_psyche
D:9:      erik_lair_dragon, hangedman_pestilent_swarm
Lair:1:   grunt_megastairs_3, infiniplex_staircase_pool, lemuel_fruit_tree
Lair:2:   minmay_shoals_entry_lonely_mermaid, serial_bayou_shore_a,
          serial_bayou_shore_b, serial_bayou_shore_b, serial_bayou_shore_b,
          grunt_megastairs_5
Lair:4:   spider_nest_entry_funnel_web, guppyfry_lair_drakes
Lair:5:   slime_altar_1, enter_volcano_1, portal_ice_cave_entry_pillars_1
Ossuary:  ossuary_tomb_3
IceCv:    ice_cave_statue_garden_teleport
Volcano:  pf_volcano_lost_world

Skill      XL: |  1  2  3  4  5  6  7  8  9 10 11 12 13 |
---------------+----------------------------------------+-----
Earth Magic    | 3 4 5 7 10 11 12 | 12.5
Spellcasting   | 3 4 7 8 10 11 | 11.0
Conjurations   | 6 8 |  8.0
Necromancy     | 5 8 |  8.0
Dodging        | |  1.5
Stealth        | |  1.5
Transmutations | |  0.7

Action                   |  1- 3 |  4- 6 |  7- 9 | 10-12 | 13-15 || total
-------------------------+-------+-------+-------+-------+-------++-------
Melee: Unarmed           |       |    16 |       |       |       ||    16
       Scythe            |       |    10 |       |       |       ||    10
       Whip              |       |       |    12 |       |     8 ||    20
       Dagger            |       |       |       |     7 |       ||     7
       Staff             |       |       |       |     2 |     1 ||     3
 Cast: Sandblast         |    32 |    82 |   193 |   227 |       ||   534
       Lee's Rapid Decon |       |       |     8 |    21 |     4 ||    33
       Stone Arrow       |       |       |    43 |    71 |       ||   114
       Petrify           |       |       |     3 |     1 |       ||     4
       Bolt of Draining  |       |       |       |   105 |    32 ||   137
       Passwall          |       |       |       |       |     1 ||     1
Invok: Divine Energy     |       |       |     1 |       |       ||     1
  Use: Scroll            |       |       |    10 |    12 |     1 ||    23
Armor: Robe              |       |    18 |    44 |    73 |    11 ||   146
Dodge: Dodged            |     6 |    54 |    57 |   133 |    13 ||   263
